Map: Ruins of Seras

Players

AcerNerchio (Nerchio) - Winner!

  • Race: Zerg Zerg

EJK

  • Race: Terran Terran
  • League: Master

Event: Gauntlet LotV Series 1 Qualifier 1

VOD

Have the link to the VOD?

Description

Time

  • Played on: Nov. 22, 2015, 5:31 p.m.
  • Length: 7:56

All games in this series

Show
View Real Time Build Order
Export as new Build Order

AcerNerchio Zerg - Winner!

Build Orders: Hatch First 

Get SALT Encoding   

  12  0:01  Drone  
  13  0:12  Overlord  
  13  0:18  Drone  
  14  0:31  Drone x2  
  14  0:34  Drone  
  17  0:55  Hatchery  
  16  0:59  Drone  
  16  1:02  Drone  
  18  1:16  Spawning Pool  
  17  1:19  Drone  
  17  1:22  Drone  
  19  1:28  Drone  
  19  1:31  Extractor  
  19  1:38  Overlord  
  19  1:51  Drone  
  20  2:02  Queen  
  20  2:03  Zergling x2  
  20  2:06  Queen  
  20  2:07  Zergling x2  
  26  2:13  Drone  
  27  2:17  Drone  
  28  2:24  Drone  
  28  2:28  Drone  
  30  2:34  Metabolic Boost  
  30  2:38  Drone  
  30  2:41  Drone  
  30  2:42  Queen  
  34  2:46  Overlord  
  34  2:50  Drone  
  35  2:54  Drone  
  36  3:11  Hatchery  
  36  3:12  Drone x2  
  36  3:13  Drone  
  36  3:16  Drone  
  36  3:18  Drone  
  39  3:20  Drone  
  39  3:27  Overlord  
  40  3:28  Drone  
  40  3:29  Drone  
  40  3:33  Overlord  
  42  3:37  Overlord  
  42  3:42  Zergling x2  
  42  3:43  Zergling x4  
  42  3:46  Zergling x4  
  46  3:52  Evolution Chamber x2  
  46  3:55  Drone x2  
  46  3:57  Drone  
  46  3:59  Drone  
  46  4:01  Drone  
  49  4:03  Drone  
  49  4:04  Drone  
  49  4:07  Drone  
  49  4:08  Extractor  
  51  4:16  Drone  
  51  4:17  Extractor  
  51  4:20  Drone  
  51  4:21  Drone x3  
  55  4:24  Overlord  
  55  4:25  Drone x3  
  55  4:29  Zerg Melee Weapons Level 1  
  58  4:36  Zerg Ground Armor Level 1  
  58  4:40  Drone x3  
  58  4:44  Drone x2  
  62  4:48  Drone x2  
  64  4:53  Lair  
  64  4:54  Drone  
  64  4:57  Drone x2  
  64  4:59  Drone  
  68  5:03  Drone x2  
  68  5:04  Drone  
  68  5:06  Extractor  
  70  5:09  Drone x3  
  70  5:11  Overlord  
  73  5:14  Overlord  
  72  5:23  Drone  
  72  5:24  Drone x5  
  72  5:27  Extractor  
  72  5:28  Extractor  
  75  5:31  Zergling x2  
  75  5:32  Zergling x4  
  78  5:36  Drone x3  
  78  5:42  Zergling x6  
  84  5:43  Zergling x2  
  84  5:46  Zergling x2  
  86  5:56  Spire  
  85  6:00  Hatchery  
  85  6:01  Overlord  
  85  6:02  Drone x5  
  85  6:03  Overlord  
  89  6:09  Overlord  
  89  6:10  Baneling Nest, Overlord x3  
  88  6:21  Hatchery  
  87  6:34  Drone  
  87  6:35  Drone x6  
  87  6:36  Overlord  
  94  6:42  Extractor x2  
  94  6:45  Hatchery  
  91  6:58  Infestation Pit  
  90  7:07  Mutalisk x7  
  103  7:10  Mutalisk  
  103  7:11  Mutalisk  
  103  7:14  Mutalisk  
  109  7:18  Zergling x2  
  109  7:19  Zergling x6  
  109  7:20  Zergling x2  
  109  7:21  Zergling x2  
  115  7:29  Zergling x14  
Show
View Real Time Build Order
Export as new Build Order

EJK Terran 

Build Orders: Reaper Expand, Mech 

Get SALT Encoding   

  12  0:00  SCV  
  13  0:12  SCV  
  14  0:18  Supply Depot  
  14  0:25  SCV  
  15  0:39  SCV  
  15  0:42  Barracks  
  16  0:46  Refinery  
  16  0:51  SCV  
  17  1:03  SCV  
  18  1:16  SCV  
  19  1:29  Orbital Command  
  19  1:30  Reaper  
  20  1:43  Command Center  
  20  1:50  Refinery  
  20  1:55  SCV  
  21  2:02  Reaper  
  21  2:05  Supply Depot  
  22  2:09  SCV  
  23  2:27  SCV  
  23  2:29  Factory  
  24  2:39  SCV  
  24  2:42  Barracks Reactor  
  25  2:52  SCV  
  25  2:55  Orbital Command  
  26  2:58  Bunker  
  26  3:04  SCV  
  26  3:19  Factory Tech Lab, Marine x2  
  28  3:21  SCV  
  27  3:37  Marine x2  
  29  3:41  SCV x2  
  29  3:44  Siege Tank  
  34  3:48  Starport  
  34  3:53  SCV x2  
  34  3:55  Marine x2  
  38  3:58  Supply Depot  
  38  4:05  SCV  
  38  4:06  SCV  
  40  4:17  Command Center  
  40  4:20  SCV x2  
  42  4:28  Medivac  
  42  4:30  Marine  
  42  4:31  Marine  
  46  4:33  Siege Tank  
  48  4:40  SCV  
  49  4:49  Liberator  
  49  4:50  SCV  
  49  4:52  SCV  
  51  4:57  Supply Depot, Refinery  
  51  4:58  Refinery  
  54  5:15  Supply Depot  
  54  5:16  SCV x2  
  51  5:28  SCV  
  52  5:29  SCV  
  54  5:36  Orbital Command  
  54  5:40  SCV  
  54  5:41  SCV  
  55  5:44  Hellion x2  
  59  5:52  SCV, Liberator  
  59  5:53  SCV  
  61  5:57  Barracks Tech Lab, Factory  
  61  5:59  Factory  
  61  6:03  SCV  
  62  6:04  SCV  
  62  6:05  SCV  
  62  6:08  Supply Depot  
  67  6:15  SCV  
  67  6:16  SCV  
  69  6:20  Supply Depot, Hellion  
  69  6:21  Hellion  
  73  6:25  Armory  
  73  6:29  SCV x3  
  73  6:32  Orbital Command  
  76  6:41  Hellion  
  76  6:42  SCV  
  76  6:43  SCV, Hellion  
  82  6:48  Siege Tank  
  85  6:56  SCV  
  85  6:57  SCV  
  87  7:02  Hellion  
  87  7:04  Hellion  
  87  7:06  Supply Depot  
  87  7:07  Supply Depot  
  87  7:08  Refinery x2  
  91  7:12  SCV x3  
  91  7:13  Siege Tank  
  97  7:20  Siege Tank  
  100  7:28  Hellion x2  
  106  7:32  SCV x3  
  109  7:47  Factory x2  
Tags
 
Add a new tag
Caveats
  • Supply blocks, unpowered buildings, or Contaminate may cause inaccurate times.
  • Supply counts are checked every 10 seconds.